 Dungeon Crawl Stone Soup version 0.29-a0-559-g359e09b9d1 (webtiles) character file.

Game seed: 8312891593285316825

32 Nedwor the Twirler (level 3, -1/31 HPs)
             Began as a Minotaur Gladiator on June 10, 2022.
             Slain by an iguana (11 damage)
             ... on level 2 of the Dungeon.
             The game lasted 00:01:40 (1391 turns).

Nedwor the Twirler (Minotaur Gladiator)             Turns: 1391, Time: 00:01:41

Health: -1/31      AC:  4    Str: 20    XL:     3   Next: 8%
Magic:  2/2        EV: 12    Int:  5    God:
Gold:   20         SH:  0    Dex: 11    Spells: 2/2 levels left

rFire   . . .      SeeInvis .   a - +0 quarterstaff
rCold   . . .      Faith    .   (shield currently unavailable)
rNeg    . . .      Spirit   .   b - +0 leather armour
rPois   .          Reflect  .   c - +0 hat
rElec   .          Harm     .   j - +0 cloak
rCorr   .          Rampage  .   (no gloves)
Will    .....                   (no boots)
Stlth   +.........              (no amulet)
HPRegen 0.10/turn               (no ring)
MPRegen 0.08/turn               (no ring)

@: no status effects
A: horns 2, retaliatory headbutt
a: no special abilities


You were on level 2 of the Dungeon.
You visited 1 branch of the dungeon, and saw 2 of its levels.

You collected 20 gold pieces.

Inventory:

Hand Weapons
 a - a +0 quarterstaff (weapon)
Missiles
 d - 3 throwing nets (quivered)
 e - a javelin
Armour
 b - a +0 leather armour (worn)
 c - a +0 hat (worn)
 j - a +0 cloak (worn)
Jewellery
 h - a ring of ice
Scrolls
 i - 2 scrolls of identify {unknown}
Potions
 f - a potion of degeneration {unknown}
 g - 3 potions of attraction {unknown}
 k - 2 potions of curing {unknown}
 l - a potion of mutation {unknown}
 m - a potion of resistance {unknown}
 n - 2 potions of cancellation {unknown}


   Skills:
 + Level 3.1 Fighting
 * Level 4.7 Staves
 - Level 2.0 Throwing
 - Level 3.2 Dodging


You had 2 spell levels left.
You didn't know any spells.
Your spell library contained the following spells:

 Spells                   Type           Power      Damage    Failure   Level
 Tukima's Dance           Hex            0%         N/A       88%         3
 Passage of Golubria      Tloc           0%         N/A       99%         4
 Yara's Violent Unravell  Hex/Tmut       0%         3d3       100%        5


Dungeon Overview and Level Annotations

Branches:
Dungeon (2/15)

Altars:


Innate Abilities, Weirdness & Mutations

You have a pair of horns on your head.
You reflexively headbutt those who attack you in melee.


Message History

Things that are here:
a +0 club; 3 stones; a kobold corpse A goblin comes into view.
It is wielding a +0 dagger.
A goblin is nearby!
A goblin is nearby!
The goblin shouts!
The goblin hits you but does no damage.
You hit the goblin. Your headbutt misses the goblin.
The goblin is heavily wounded.
The goblin hits you with a +0 dagger.
You closely miss the goblin. Your headbutt misses the goblin.
The goblin is heavily wounded.
The goblin hits you but does no damage.
You closely miss the goblin. You headbutt the goblin.
You kill the goblin!
You see here a +0 dagger.
n - 2 black potions
Found a stone staircase leading down.
An iguana comes into view.
An iguana is nearby!
An iguana is nearby!
An iguana is nearby!
The iguana hisses angrily.
You hit the iguana. Your headbutt misses the iguana.
The iguana is heavily wounded.
The iguana bites you.
You hit the iguana but do no damage. Your headbutt misses the iguana.
The iguana is heavily wounded.
The iguana bites you.
You hit the iguana but do no damage. You headbutt the iguana!
The iguana is almost dead.
The iguana bites you!
You are too injured to fight recklessly!
You are too injured to fight recklessly!
An iguana is nearby!
An iguana is nearby!
You hit the iguana but do no damage.
The iguana is almost dead.
The iguana bites you!
You die...

##.## .... #... #..#
# #. #..####.# #.
#........ #.
#l....... ##.# #@.#
####...###.>####.
...........?......
####.#..##.#########
#.#.##... ..#
###.###### #.# #.#
#.# #.# #.# #.# #.#


You could see an iguana.

Vanquished Creatures
  An adder (D:2)
  A dart slug (D:1)
  2 endoplasms (D:1)
  2 giant cockroaches (D:1)
  3 goblins
  A hobgoblin (D:2)
  3 kobolds
  A quokka (D:1)
  A frilled lizard (D:1)
  3 rats
18 creatures vanquished.

Vanquished Creatures (others)
  A plant (D:2)
1 creature vanquished.

Grand Total: 19 creatures vanquished

Notes
Turn   | Place    | Note
-------+----------+-------------------------------------------
     0 | D:1      | Nedwor the Minotaur Gladiator began the quest for the Orb.
     0 | D:1      | Reached XP level 1. HP: 18/18 MP: 0/0
    79 | D:1      | Reached skill level 4 in Staves
   530 | D:1      | Reached XP level 2. HP: 22/25 MP: 1/1
  1184 | D:2      | Found a faded altar of an unknown god.
  1306 | D:2      | Reached XP level 3. HP: 29/31 MP: 2/2
  1391 | D:2      | Slain by an iguana

Illustrated notes

Levels and vault maps discovered:
D:1:      ncdulo_watergridlock, layout_loops_ring, chequers_arboretum,
          serial_bayou_crossing
D:2:      layout_loops_ring, shapermc_ecumenical_altar_ellora,
          minmay_pentomino_u2

Skill      XL: |  1  2 |
---------------+-------+-----
Staves         | 4 |  4.7
Fighting       | 3 |  3.1
Throwing       | |  2.0
Dodging        | |  3.2

Action                   || total
-------------------------++-------
Melee: Quarterstaff      ||    41
       Headbutt          ||     4
Armor: Leather armour    ||     9
Dodge: Dodged            ||    18

Table legend: (Time is in decaauts)
 A = Elapsed time spent in this place.
 B = Non-inter-level travel time spent in this place.
 C = Inter-level travel time spent in this place.
 D = Time resting spent in this place.
 E = Time spent auto-exploring this place.
 F = Levels seen in this place.
 G = Mean time per level.
                   A        B        C        D        E       F      G
               +--------+--------+--------+--------+--------+-----+--------+
         Total |   1403 |   1298 |    105 |    334 |    828 |   2 |  701.5 |
       Dungeon |   1403 |   1298 |    105 |    334 |    828 |   2 |  701.5 |
               +--------+--------+--------+--------+--------+-----+--------+

Top non-repeatable levels by time:
     D:1: 1176 daAuts
     D:2: 226 daAuts
